 Dungeon Crawl Stone Soup version 0.17-a0-346-g4a5ca9a (webtiles) character file.

26 Kogarivpeit the Grave Robber (level 3, -4/26 HPs)
             Began as a Hill Orc Necromancer on Mar 31, 2015.
             Slain by Robin
             ... wielding a +2 vampiric whip
              (7 damage)
             ... on level 1 of the Dungeon.
             The game lasted 00:13:25 (1744 turns).

Kogarivpeit the Grave Robber (Hill Orc Necromancer) Turns: 1744, Time: 00:13:25

Health: -4/26      AC:  2    Str: 10    XL:     3   Next: 8%
Magic:  4/4        EV: 12    Int: 16    God:
Gold:   32         SH:  0    Dex: 11    Spells: 2 memorised, 3 levels left

rFire  . . .     SeeInvis .     d - +0 whip
rCold  . . .     Clarity  .     a - +0 robe
rNeg   . . .     SustAb   .     (no shield)
rPois  .         Gourm    .     (no helmet)
rElec  .         Spirit   .     (no cloak)
rCorr  .         Warding  .     (no gloves)
rMut   .         Stasis   .     (no boots)
MR     .....                    (no amulet)
Stlth  ++........               (no ring)
                                (no ring)

@: not resistant to hostile enchantments, unstealthy
A: no striking features
a: no special abilities


You were on level 1 of the Dungeon.
You were not hungry.

You visited 1 branch of the dungeon, and saw 2 of its levels.

You collected 32 gold pieces.

Inventory:

Hand weapons
 d - a +0 whip (weapon)
Armour
 a - a +0 robe (worn)
 e - a +0 scale mail
Scrolls
 h - a scroll of identify {unknown}
 k - a scroll of noise {unknown}
 l - a scroll of remove curse {unknown}
Potions
 i - a potion of beneficial mutation {unknown}
 j - a potion of cancellation {unknown}
Books
 b - a book of Necromancy

   Spells                             Type                      Level
   a - Pain                           Necromancy                   1
   b - Animate Skeleton               Necromancy                   1
   c - Vampiric Draining              Necromancy                   3
   d - Regeneration                   Charms/Necromancy            3
   e - Animate Dead                   Necromancy                   4
   f - Control Undead                 Necromancy                   4


   Skills:
 - Level 1.5 Dodging
 - Level 1.5 Stealth
 + Level 1.9 Spellcasting
 + Level 4.7 Necromancy


You had 3 spell levels left.
You knew the following spells:

 Your Spells              Type           Power        Failure   Level  Hunger
a - Pain                  Necr           ###.         3%          1    #......
b - Animate Skeleton      Necr           N/A          3%          1    #......


Dungeon Overview and Level Annotations

Branches:
Dungeon (2/15)

Altars:

Annotations:
D:1 Robin


Message History

Robin is almost dead.
Robin barely misses you. Robin hits you with a vampiric whip.
* * * LOW HITPOINT WARNING * * *
Casting: Pain
Confirm with . or Enter, or press ? or * to list all spells.
You don't have enough magic to cast that spell.
Robin misses you.
Robin says, "My goblins will feast on your bones."
You see here a club.
Robin hits you with a vampiric whip.
* * * LOW HITPOINT WARNING * * *
Robin draws strength from your injuries!
Robin says, "Feeling lonely?"
Robin hits you with a vampiric whip.
* * * LOW HITPOINT WARNING * * *
Robin draws strength from your injuries!
There is an escape hatch in the floor here.
Robin hits you with a vampiric whip!
You die...

.....###.## #.# #.#.#
#...## #..# #(# #.#.#
##.## ##.## #.# #.#.#
.#'# #..# #.# #.#.#
#.########.#####.####.#.#
###......)............#.#
.......##.####.######.#
......##......g>####.#
.............@#......#
.......##..##.########
... .. #...#.# ###
##..#.# ##.#.# #...#
#...# ....# ##..#


You could see Robin.

Vanquished Creatures
  A giant gecko (D:1)
  A giant cockroach (D:1)
  2 goblins (D:1)
  3 hobgoblins
  A ball python (D:1)
  5 bats (D:1)
  5 kobolds
  2 rats
20 creatures vanquished.

Vanquished Creatures (collateral kills)
  A giant gecko (D:1)
  A goblin (D:1)
  A bat (D:1)
3 creatures vanquished.

Vanquished Creatures (others)
  A bat skeleton (D:1)
  A giant gecko skeleton (D:1)
2 creatures vanquished.

Grand Total: 25 creatures vanquished

Notes
Turn   | Place    | Note
--------------------------------------------------------------
     0 | D:1      | Kogarivpeit, the Hill Orc Necromancer, began the quest for the Orb.
     0 | D:1      | Reached XP level 1. HP: 14/14 MP: 2/2
     2 | D:1      | Learned a level 1 spell: Animate Skeleton
   241 | D:1      | Reached XP level 2. HP: 11/20 MP: 0/3
  1181 | D:2      | Noticed Robin
  1181 | D:2      | HP: 1/20 [goblin/club[Robin] (3)]
  1534 | D:1      | Reached XP level 3. HP: 15/26 MP: 1/4
  1698 | D:1      | HP: 1/26 [Robin/vampiric whip (3)]
  1744 | D:1      | Slain by Robin

Action                   || total
-------------------------++-------
Melee: Whip              ||    15
       Unarmed           ||     1
 Cast: Pain              ||    37
       Animate Skeleton  ||     2
  Eat: Beef jerky        ||     1
       Chunk             ||     1
       Bread ration      ||     1
